rsa, lawful female dwarven Valkyrie ------------ |..........| ..<........| --------.--- ## ------ # ...`| ## ....| ----.------- -----...| -.......>..| |.{.|...| |..........| |{@@.`..| |..........| |.{.|...| ###|..........| | -----...| ----- #####-...^......| |.....`......####### |....# ### |....%.....| |`.........`| # |...|### ------------ ------------- ##.....### |...|# |.... ----- rsa the Skirmisher Experience level: 3 Strength: 18/01 Dexterity: 11 Constitution: 20 Intelligence: 8 Wisdom: 8 Charisma: 9 Health: 0(42) Energy: 6(6) Def: 10 Gold: 303 Moves: 846 Dungeon seed: giWA9L8gVUoHjfKO Game ID: rsa_1559371136 Your Inventory: Coins $ - 303 gold pieces Weapons a - a +1 long sword (weapon in hand) b - a +0 dagger Armor e - an uncursed +3 small shield (being worn) n - an uncursed +0 banded mail (being worn) Comestibles c - an uncursed food ration j - an uncursed slime mold Scrolls l - an uncursed scroll of enchant weapon Rings i - an uncursed ring of teleport control Wands m - a wand of digging (0:6) Gems q - 2 uncursed worthless pieces of yellowish brown glass Spells and supernatural/magical abilities: Name Level Category Fail Memory W - pray for help -- divine ? -- Your skills at the end: Fighting Skills Weapon Skills dagger [Basic] long sword [Basic] Spellcasting Skills Final Attributes: You were devoutly aligned. You were cold resistant. You had infravision. You were stealthy. You are dead. Vanquished creatures: a shrieker a dwarf zombie a wererat 2 coyotes 2 cave spiders a gnome zombie a gecko 2 jackals a fox a kobold a goblin 3 grid bugs a newt 18 creatures vanquished. Voluntary challenges: You were vegetarian. You were an atheist. You used a wielded weapon 15 times, starting on turn 48. You read items or engraved 3 times, starting on turn 186. You never genocided any monsters. You never polymorphed an object. You never changed form. You used no wishes. You never split a pudding. You never wrote Elbereth's name. You violated your moral code, losing 1 point of alignment, starting on turn 845. Dungeon overview: The Dungeons of Doom: levels 1 to 7 Level 1 some fountains a long staircase Level 2 Level 3 a fountain stairs to The Gnomish Mines Level 4 Level 5 <- You were here many fountains Level 6 Level 7 The Gnomish Mines: Level 4 stairs to The Dungeons of Doom History has recorded: On T:1 you entered the Dungeons of Doom to retrieve the Amulet of Yendor! On T:224 you reached level 2 of The Dungeons of Doom. On T:289 you reached level 3 of The Dungeons of Doom. On T:306 you reached level 1 of The Gnomish Mines. On T:567 you reached level 4 of The Dungeons of Doom. On T:624 you reached level 5 of The Dungeons of Doom. On T:642 you reached level 6 of The Dungeons of Doom. On T:670 you reached level 7 of The Dungeons of Doom. On T:783 you advanced to experience level 2. On T:834 you advanced to experience level 3. Score breakdown: Gold: 303 ( 8445 points) Experience: 3 levels ( 7878 points) Exploration: 7 levels ( 14.29%) (10606 points) Discoveries: 2 items ( 0.81%) ( 2705 points) Valuables value: (no points given unless you survive) Artifact value: 0 ( 0 points) Variety of kills: 13 monsters ( 3.41%) ( 5541 points) Turncount: 846 turns ( 0 points) Survival: died (score multiplied by 80%) Total score: 28140 Latest messages: The fox misses. You kill the fox! You see here a fox corpse. The little dog eats a fox corpse. You miss the shrieker. (2x) You kill the shrieker! Welcome to experience level 3. You see here a statue of a plains centaur. "Velkommen, rsa, welcome to Delphi!" <"Wilt thou settle for a minor consultation?" (50 zorkmids) [ynq]: y> True to her word, the Oracle offhandedly says: "Reading Herbert might be enlightening in one case." <"Wilt thou settle for a minor consultation?" (50 zorkmids) [ynq]: q> (2x) You miss the Oracle. The Oracle gets angry! You are hit by magic missiles appearing from thin air! You hit the Oracle! You are hit by magic missiles appearing from thin air! You die... Final status: Farvel rsa the Valkyrie, killed by the Oracle... You died in The Dungeons of Doom on dungeon level 5 with 28140 points, and 303 pieces of gold, after 846 moves. You were level 3 with a maximum of 42 hit points when you died.